 Dungeon Crawl Stone Soup version 0.30-a0-424-g7412bad402 (webtiles) character file.

Game seed: 17438939543230216356

22 AigisTheKnight the Firebug (level 2, -2/16 HPs)
             Began as a Tengu Fire Elementalist on Dec 10, 2022.
             Slain by a jackal (3 damage)
             ... on level 1 of the Dungeon.
             The game lasted 00:00:51 (300 turns).

AigisTheKnight the Firebug (Tengu Fire Elementalist) Turns: 300, Time: 00:00:52

Health: -2/16      AC:  2    Str:  8    XL:     2   Next: 91%
Magic:  0/6        EV: 12    Int: 15    God:
Gold:   14         SH:  0    Dex: 14    Spells: 4/5 levels left

rFire   . . .      SeeInvis .    (no weapon)
rCold   . . .      Faith    .    (no shield)
rNeg    . . .      Spirit   .    a - +0 robe
rPois   .          Reflect  .    (helmet restricted)
rElec   .          Harm     .    (no cloak)
rCorr   .          Rampage  .    (no gloves)
Will    .....                    (boots unavailable)
Stlth   ++........               (no amulet)
HPRegen 0.22/turn                (no ring)
MPRegen 0.10/turn                (no ring)

@: no status effects
A: beak, talons 3
a: no special abilities


You were on level 1 of the Dungeon.
You visited 1 branch of the dungeon, and saw 1 of its levels.

You collected 14 gold pieces.

Inventory:

Armour
 a - a +0 robe (worn)
Scrolls
 c - a scroll of amnesia {unknown}
Potions
 b - a potion of magic


   Skills:
 + Level 0.8 Fighting
 + Level 2.5 Dodging
 - Level 2.0 Stealth
 + Level 2.2 Spellcasting
 + Level 2.0 Conjurations
 + Level 3.5 Fire Magic


You had 4 spell levels left.
You knew the following spells:

 Your Spells              Type           Power      Damage    Failure   Level
a - Foxfire               Conj/Fire      40%        2x1d6     7%          1

Your spell library contained the following spells:

 Spells                   Type           Power      Damage    Failure   Level
 Scorch                   Fire           24%        2d6       8%          2
 Inner Flame              Hex/Fire       7%         N/A       30%         3
 Kindle Blastsparks       Fire/Tloc/Air  10%        2d10      38%         3
 Flame Wave               Conj/Fire      10%        2d6       56%         4


Dungeon Overview and Level Annotations

Branches:
Dungeon (1/15)

Altars:


Innate Abilities, Weirdness & Mutations

You have a beak for a mouth.
You have claws for feet.


Message History

The hobgoblin hits you.
You hit the hobgoblin but do no damage. Your peck misses the hobgoblin.
The hobgoblin hits you.
Casting: Foxfire (safe; 7% risk of failure)
Confirm with . or Enter, or press ? or * to list all spells.
You conjure some foxfire!
The hobgoblin hits you but does no damage.
Unknown command.
You hit the hobgoblin. Your kick misses the hobgoblin.
The hobgoblin is lightly wounded.
The foxfire hits the hobgoblin.
The hobgoblin is moderately wounded.
The foxfire hits the hobgoblin.
The hobgoblin is almost dead.
The hobgoblin hits you.
You barely miss the hobgoblin. Your peck misses the hobgoblin.
The hobgoblin is almost dead.
The hobgoblin closely misses you.
A bat comes into view.
You hit the hobgoblin but do no damage. You claw the hobgoblin.
You kill the hobgoblin!
The jackal closely misses you. The jackal barely misses you.
The jackal bites you. The bat hits you but does no damage.
You see here a hobgoblin corpse.
You barely miss the jackal. Your peck misses the jackal. The bat hits you.
The bat barely misses you. The jackal closely misses you.
You barely miss the jackal. Your kick misses the jackal.
Your punch misses the jackal. The bat barely misses you.
The jackal bites you. x2
* * * LOW HITPOINT WARNING * * *
You miss the jackal. You peck the jackal.
The jackal is heavily wounded.
The jackal misses you. The bat hits you.
* * * LOW HITPOINT WARNING * * *
A hobgoblin comes into view.
Casting: Foxfire (safe; 7% risk of failure)
Confirm with . or Enter, or press ? or * to list all spells.
You conjure some foxfire!
The bat hits you.
* * * LOW HITPOINT WARNING * * *
The jackal bites you.
You die...

... ##....#
...#######.....#######
............).†(.....
#......†..#.###.###
######....#...#.###....
.....'....#####.(†.....
.######....# ####[.....
.......hb..+ ........)†
g.....†@...# ######.##.
..###.vv...# #.##.
#......# ..##.
........# #####.
.###.##### ## # .. #.
..# ... #. ...# ...


You could see a jackal (ally target), a hobgoblin and a bat (ally target).

Vanquished Creatures
  A dart slug (D:1)
  A bat (D:1)
  An endoplasm (D:1)
  2 goblins (D:1)
  4 hobgoblins (D:1)
  3 jackals (D:1)
  A kobold (D:1)
  A quokka (D:1)
  A ball python (D:1)
  A rat (D:1)
16 creatures vanquished.

Vanquished Creatures (others)
  36 foxfires (D:1)
36 creatures vanquished.

Grand Total: 52 creatures vanquished

Notes
Turn   | Place    | Note
-------+----------+-------------------------------------------
     0 | D:1      | AigisTheKnight the Tengu Fire Elementalist began the quest
                  | for the Orb.
     0 | D:1      | Reached XP level 1. HP: 10/10 MP: 4/4
   153 | D:1      | Reached XP level 2. HP: 16/16 MP: 0/6
   300 | D:1      | Slain by a jackal

Illustrated notes

Levels and vault maps discovered:
D:1:      amcnicky_arrival_feature_with_door, layout_basic, st_stairs_6

Skill      XL: |  1  2 |
---------------+-------+-----
Conjurations   | 2 |  2.0
Fighting       | |  0.8
Dodging        | |  2.5
Stealth        | |  2.0
Spellcasting   | |  2.2
Fire Magic     | |  3.5

Action                   || total
-------------------------++-------
Melee: Unarmed           ||    27
       Peck              ||     4
       Kick              ||     7
 Cast: Foxfire           ||    26
 Stab: Sleeping          ||     1
Armor: Robe              ||     6
Dodge: Dodged            ||    14

Table legend: (Time is in decaauts)
 A = Elapsed time spent in this place.
 B = Non-inter-level travel time spent in this place.
 C = Inter-level travel time spent in this place.
 D = Time resting spent in this place.
 E = Time spent auto-exploring this place.
 F = Levels seen in this place.
 G = Mean time per level.
                   A        B        C        D        E       F      G
               +--------+--------+--------+--------+--------+-----+--------+
         Total |    300 |    300 |      0 |      3 |    194 |   1 |  300.0 |
       Dungeon |    300 |    300 |      0 |      3 |    194 |   1 |  300.0 |
               +--------+--------+--------+--------+--------+-----+--------+

Top non-repeatable levels by time:
     D:1: 300 daAuts
